 Dungeon Crawl Stone Soup version 0.24-a0-368-g0e0cebd0f3 (webtiles) character file.

Game seed: 17172466046605590753

17581 emperorscorpion the Slicer (level 12, -5/65 HPs)
             Began as a Vine Stalker Berserker on May 28, 2019.
             Was an Elder of Trog.
             Slain by a cyan ugly thing (12 damage)
             ... on level 14 of the Dungeon.
             The game lasted 00:27:40 (4550 turns).

emperorscorpion the Slicer (Vine Stalker Berserker) Turns: 4550, Time: 00:27:41

Health: -5/65      AC:  8    Str: 30    XL:     12   Next: 49%
Magic:  0/13       EV: 15    Int:  9    God:    Trog [****..]
Gold:   324        SH:  0    Dex: 15    Spells: 11/11 levels left

rFire    . . .     SeeInvis .   a - +1 falchion "Iggyff" {venom, Str+4 Int+4 Dex+2}
rCold    + + .     Gourm    .   (no shield)
rNeg     . . .     Faith    .   u - +0 troll leather armour
rPois    .         Spirit   +   F - +1 hat "Uhias" {MR++ rCorr Int-2}
rElec    .         Reflect  .   (no cloak)
rCorr    +         Harm     .   r - +0 pair of gloves
MR       ++++.                  n - +0 pair of boots
Stlth    ++........             (no amulet)
HPRegen  1.40/turn              j - ring of protection from cold
MPRegen  0.13/turn              m - ring of protection from magic

@: berserk cooldown, slowed, very slow
A: fangs 3, clumsy 1, cold resistance 1, regeneration 2, strong 1, magic shield,
antimagic bite, no potion heal 3, rot immunity
a: Berserk, Trog's Hand, Brothers in Arms, Renounce Religion


You were on level 14 of the Dungeon.
You worshipped Trog.
Trog was greatly pleased with you.
You were hungry.

You visited 1 branch of the dungeon, and saw 14 of its levels.
You also visited: Ice Cave.

You collected 324 gold pieces.

Inventory:

Hand Weapons
 a - the +1 falchion "Iggyff" (weapon) {venom, Str+4 Int+4 Dex+2}
   (You found it on level 11 of the Dungeon)

   It poisons the flesh of those it strikes.
   It affects your strength (+4).
   It affects your intelligence (+4).
   It affects your dexterity (+2).
 b - a +0 short sword
 k - a +1 halberd of venom
 o - a cursed +5 scimitar
 t - a +1 falchion of freezing
 H - a +3 great sword of protection
Missiles
 d - 13 atropa-tipped darts (quivered)
 g - 52 poisoned darts
 A - 8 curare-tipped darts
 B - 8 boomerangs of dispersal
Armour
 n - a +0 pair of boots (worn)
 r - a +0 pair of gloves (worn)
 u - a +0 troll leather armour (worn)
 E - a +2 hat
 F - the +1 hat "Uhias" (worn) {MR++ rCorr Int-2}
   (You found it in an ice cave)

   It affects your intelligence (-2).
   It affects your resistance to hostile enchantments.
   It provides partial protection from all sources of acid and corrosion.
 G - the +0 hat of Melancholy {-Cast +Fly rCorr Int-3}
   (You found it in an ice cave)

   It affects your intelligence (-3).
   It lets you fly.
   It prevents spellcasting.
   It provides partial protection from all sources of acid and corrosion.
Magical Staves
 C - an uncursed staff of cold
Jewellery
 j - a ring of protection from cold (left hand)
 m - a ring of protection from magic (right hand)
Wands
 s - a wand of flame (30)
 w - a wand of random effects (20)
Scrolls
 e - a scroll of identify
 i - a scroll of remove curse
 y - 2 scrolls of enchant weapon
Potions
 f - 2 potions of curing
 h - 3 potions of might
 l - 2 potions of mutation
 p - a potion of agility
 q - a potion of magic
 v - a potion of flight
 x - a potion of degeneration
Miscellaneous
 z - a crystal ball of energy
Comestibles
 c - 7 chunks of flesh
 D - a ration


   Skills:
 + Level 8.4 Fighting
 - Level 8.4(9.6) Short Blades
 + Level 7.3(9.1) Long Blades
 + Level 7.7 Throwing
 + Level 7.2 Armour
 + Level 6.0 Dodging
 + Level 3.9 Stealth
 + Level 0.2 Evocations


You had 11 spell levels left.
You didn't know any spells.
Your spell library was empty.

Dungeon Overview and Level Annotations

Branches:
Dungeon (14/15)              Lair (0/6) D:8
 Temple: D:4-7          Orc: D:9-12      Vaults: D:13-14

Altars:
Cheibriados
Gozag
Hepliaklqana
Vehumet

Shops:
D:5 *

Annotations:
D:10 Urug


Innate Abilities, Weirdness & Mutations

You have razor-sharp teeth.
You heal very quickly.
When hurt, damage is shared between your health and your magic reserves.
Your bite disrupts and absorbs the magic of your enemies.
Potions cannot restore your health.
You are immune to rotting.
You are clumsy. (Dex -2)
Your flesh is cold resistant. (rC+)
Your muscles are strong. (Str +2)


Message History

You are exhausted.
You feel yourself slow down. The cyan ugly thing closely misses you.
Unknown command.
You hit the cyan ugly thing. You bite the cyan ugly thing. You drain its power.
The cyan ugly thing is severely wounded.
The cyan ugly thing stings you but does no damage.
You hit the cyan ugly thing but do no damage.
The cyan ugly thing is poisoned.
Your bite misses the cyan ugly thing.
The cyan ugly thing is severely wounded.
The cyan ugly thing stings you! The cyan ugly thing shocks you!
You are too injured to fight recklessly!
You hit the cyan ugly thing. You bite the cyan ugly thing! You drain its power.
You feel invigorated.
The cyan ugly thing is severely wounded.
The cyan ugly thing stings you. The cyan ugly thing shocks you!
* * * LOW HITPOINT WARNING * * *
The cyan ugly thing stings you!
* * * LOW HITPOINT WARNING * * *
The cyan ugly thing shocks you!
You die...

#. ?. ...#.## #.
...## .. .... #.
... #. #.#
#.##.###.#
#.(@u(...#
####'##### ##...##
##.....## ..#
##(......##
z....##.........#
......+)........+
...
.z.####.........##
... ##...<.....#
#.#


You could see a cyan ugly thing.

Vanquished Creatures
  A frost giant (IceCv)
  Sonja (D:12)
  A skeletal warrior (D:12)
  5 ugly things
  A centaur zombie (D:12)
  Maurice (D:12)
  2 ice statues (IceCv)
  A gargoyle (D:10)
  A komodo dragon (D:11)
  2 trolls
  16 polar bears (IceCv)
  A vampire (D:13)
  21 yaks
  A wraith (D:10)
  A hungry ghost (D:11)
  2 orc warriors
  9 ice beasts
  2 sky beasts
  8 wolves (IceCv)
  2 centaurs
  2 ogres
  A crocodile (D:12)
  3 bullfrogs
  2 hornet simulacra (D:12)
  A water moccasin skeleton (D:5)
  A scorpion (D:10)
  7 wights
  A killer bee (D:8)
  A crimson imp (D:10)
  A jelly (D:10)
  2 bullfrog zombies
  3 orc priests
  A hound (D:10)
  4 orc wizards (D:10)
  2 bullfrog skeletons
  3 centaur skeletons (D:12)
  A gnoll shaman (D:5)
  4 worker ants
  A worker ant zombie (D:6)
  4 gnolls
  A shadow imp (D:10)
  An adder skeleton (D:8)
  An adder zombie (D:5)
  2 dart slugs
  A leopard gecko (D:10)
  18 orcs
  A goblin (D:4)
  2 hobgoblins (D:1)
  4 jackals (D:3)
  3 quokkas
  4 bats
  2 frilled lizards
  3 kobolds
  A quokka skeleton (D:5)
  A rat (D:1)
169 creatures vanquished.

Vanquished Creatures (collateral kills)
  2 polar bears (IceCv)
2 creatures vanquished.

Vanquished Creatures (others)
  2 fungi (D:8)
  15 toadstools (D:5)
17 creatures vanquished.

Grand Total: 188 creatures vanquished

Notes
Turn   | Place    | Note
-------+----------+-------------------------------------------
     0 | D:1      | emperorscorpion the Vine Stalker Berserker began the quest
                  | for the Orb.
     0 | D:1      | Reached XP level 1. HP: 11/11 MP: 2/2
    55 | D:1      | Reached XP level 2. HP: 5/16 MP: 3/3
   391 | D:3      | Reached XP level 3. HP: 20/20 MP: 2/4
   443 | D:3      | Reached ** piety under Trog
   663 | D:3      | Found a hazy altar of Hepliaklqana.
   663 | D:3      | Found a snail-covered altar of Cheibriados.
   664 | D:3      | Found a radiant altar of Vehumet.
   876 | D:4      | Gained mutation: Your natural rate of healing is unusually
                  | fast. [Vine Stalker growth]
   876 | D:4      | Reached XP level 4. HP: 24/24 MP: 5/5
   892 | D:5      | Entered Level 5 of the Dungeon
   907 | D:5      | Reached XP level 5. HP: 25/28 MP: 4/6
   914 | D:5      | HP: 1/28 [water moccasin skeleton (3)]
  1022 | D:5      | Found Gozag's Platinum Reserve.
  1024 | D:5      | Found an opulent altar of Gozag.
  1055 | D:5      | Noticed a centaur
  1064 | D:5      | Killed a centaur
  1064 | D:5      | Reached XP level 6. HP: 33/33 MP: 5/7
  1338 | D:7      | Noticed an ice beast
  1338 | D:7      | Noticed an ice beast
  1364 | D:8      | Killed an ice beast
  1413 | D:8      | Noticed a phantom
  1432 | D:8      | Noticed an orc warrior
  1443 | D:8      | Reached skill level 5 in Short Blades
  1443 | D:8      | Reached XP level 7. HP: 38/38 MP: 8/8
  1574 | D:10     | Entered Level 10 of the Dungeon
  1590 | D:10     | Reached skill level 1 in Stealth
  1766 | D:10     | Gained mutation: You have razor-sharp teeth. [Vine Stalker
                  | growth]
  1766 | D:10     | Reached XP level 8. HP: 42/42 MP: 9/9
  1852 | D:10     | Noticed Urug
  1898 | D:10     | Reached skill level 1 in Throwing
  1901 | D:10     | Noticed a wraith
  1909 | D:10     | Killed a wraith
  1961 | D:9      | Reached skill level 5 in Fighting
  1977 | D:9      | Reached *** piety under Trog
  2079 | D:10     | Noticed a yak
  2079 | D:10     | Noticed a yak
  2079 | D:10     | Noticed a gargoyle
  2095 | D:10     | Killed a gargoyle
  2102 | D:10     | Noticed a yak
  2103 | D:10     | Noticed a yak
  2105 | D:10     | Noticed a yak
  2108 | D:10     | Killed a yak
  2108 | D:10     | Reached XP level 9. HP: 10/47 MP: 7/10
  2111 | D:10     | Gained mutation: Your flesh is cold resistant. (rC+)
                  | [potion of mutation]
  2111 | D:10     | Gained mutation: Your muscles are strong. (Str +2) [potion
                  | of mutation]
  2111 | D:10     | Gained mutation: You are clumsy. (Dex -2) [potion of
                  | mutation]
  2111 | D:10     | Gained mutation: You heal very quickly. [potion of
                  | mutation]
  2124 | D:10     | Reached skill level 5 in Armour
  2240 | D:10     | Received a gift from Trog
  2316 | D:11     | Reached skill level 5 in Throwing
  2319 | D:11     | Reached XP level 10. HP: 53/53 MP: 11/11
  2457 | D:12     | Noticed a skeletal warrior
  2457 | D:12     | Noticed a skeletal warrior
  2457 | D:12     | Noticed a skeletal warrior
  2753 | D:11     | Noticed a red ugly thing
  2775 | D:11     | Killed a red ugly thing
  2897 | D:11     | Got an iridescent falchion
  2898 | D:11     | Identified the cursed +1 falchion "Iggyff" {venom, Str+4
                  | Int+4 Dex+2} (You found it on level 11 of the Dungeon)
  3030 | D:12     | Noticed Maurice
  3046 | D:12     | Killed Maurice
  3095 | D:11     | Noticed a manticore
  3140 | D:12     | Reached skill level 1 in Long Blades
  3176 | D:12     | Killed a skeletal warrior
  3176 | D:12     | Reached XP level 11. HP: 58/58 MP: 12/12
  3202 | D:12     | Noticed Sonja
  3217 | D:12     | Killed Sonja
  3232 | D:12     | Reached **** piety under Trog
  3404 | D:13     | Received a gift from Trog
  3473 | D:14     | Found a frozen archway.
  3533 | IceCv    | Entered an ice cave
  3605 | IceCv    | Reached skill level 5 in Dodging
  3614 | IceCv    | Reached skill level 5 in Long Blades
  3837 | IceCv    | Received a gift from Trog
  3957 | IceCv    | Mutation became permanent: Your natural rate of healing is
                  | unusually fast. [Vine Stalker growth]
  3957 | IceCv    | Gained mutation: You heal very quickly. [Vine Stalker
                  | growth]
  3957 | IceCv    | Reached XP level 12. HP: 60/63 MP: 13/13
  3988 | IceCv    | Noticed a frost giant
  4034 | IceCv    | Killed a frost giant
  4116 | IceCv    | Got a crude hat
  4122 | IceCv    | Identified the +1 hat "Uhias" {MR++ rCorr Int-2} (You found
                  | it in an ice cave)
  4123 | IceCv    | Got a shimmering hat
  4134 | IceCv    | Identified the cursed +0 hat of Melancholy {-Cast +Fly
                  | rCorr Int-3} (You found it in an ice cave)
  4550 | D:14     | Slain by a cyan ugly thing

Levels and vault maps discovered:
D:1:      lightli_iron_boxes, layout_basic
D:2:      layout_basic, chequers_ecumenical_altar_island,
          minmay_shallow_snake_nest
D:3:      layout_basic, chequers_temple_overflow_statue_of_worship,
          ebering_ghost_reflecting_pool, st_stairs_1, uniq_grinder
D:4:      layout_cave_pods, lemuel_crystal_altar, minmay_temple_entry_crystal_x,
          first_ration, serial_shops, nicolae_shop_behind_doors,
          gammafunk_ghost_necromancy, dk_noncrumbling_2, uniq_menkaure
D:5:      layout_cave_pools, evilmike_ruin_ashenzari,
          nicolae_gozag_zags_fifth_avenue, eino_tiny_chamber, tgw_fedhas
D:6:      layout_loops_corners
D:7:      layout_cave_pools, tgw_trog, uniq_joseph
D:8:      layout_rooms, grunt_lair_entry_orc_guard_hut, serial_shops,
          kennysheep_mini_moat, grunt_pizzeria
D:9:      layout_long_grid
D:10:     layout_basic, hiddenorc1_lemuel, uniq_urug
D:11:     layout_basic
D:12:     layout_loops_ring, uniq_maurice, uniq_josephine, uniq_sonja,
          uniq_erolcha
D:13:     layout_basic, uniq_frances, uniq_nessos
D:14:     layout_loops_corners, david_vaults_1, serial_bayou_shore_b,
          portal_ice_cave_entry_ice_beasts

Skill      XL: |  1  2  3  4  5  6  7  8  9 10 11 12 |
---------------+-------------------------------------+-----
Fighting       | 3 4 5 6 7 8 |  8.4
Short Blades   | 3 4 5 6 7 8 |  8.4
Dodging        | 2 3 4 5 6 |  6.0
Armour         | 2 3 4 5 6 7 |  7.2
Stealth        | 1 2 3 |  3.9
Throwing       | 3 5 6 7 |  7.7
Long Blades    | 1 6 7 |  7.3
Evocations     | |  0.2

Action                   |  1- 3 |  4- 6 |  7- 9 | 10-12 || total
-------------------------+-------+-------+-------+-------++-------
Melee: Short sword       |    52 |    52 |   174 |    65 ||   343
       Bite              |     7 |    20 |    65 |   202 ||   294
       Falchion          |       |       |       |   281 ||   281
Throw: Dart              |       |       |    34 |    73 ||   107
Invok: Berserk           |     2 |     4 |    10 |    20 ||    36
       Trog's Hand       |       |       |     1 |     2 ||     3
       Brothers in Arms  |       |       |       |     1 ||     1
Evoke: Wand              |       |       |       |     1 ||     1
  Use: Scroll            |       |       |     3 |     8 ||    11
       Potion            |       |       |     4 |     1 ||     5
  Eat: Chunk             |     1 |     4 |    13 |    22 ||    40
       Ration            |       |       |       |     2 ||     2
Armor: Animal skin       |    14 |       |       |       ||    14
       Ring mail         |       |    10 |    31 |     4 ||    45
       Troll leather arm |       |       |       |   111 ||   111
Dodge: Dodged            |    35 |    37 |   106 |   221 ||   399
       Rpst.: Falchion   |       |       |       |    45 ||    45

Table legend:
 A = Non-vault XP
 B = Vault XP
 C = Vault XP percentage of total XP
 D = Non-vault monster count
 E = Vault monster count
 F = Vault count percentage of total count
                 A         B        C        D         E       F
            +---------+---------+-------+---------+---------+-------
      Total |   12403 |   12714 |  50.6 |     114 |      57 |  33.3
            +---------+---------+-------+---------+---------+-------
        D:1 |      12 |       0 |   0.0 |       7 |       0 |   0.0
        D:2 |       1 |       0 |   0.0 |       1 |       0 |   0.0
        D:3 |      67 |       0 |   0.0 |      13 |       0 |   0.0
        D:4 |       2 |       0 |   0.0 |       1 |       0 |   0.0
        D:5 |     279 |       0 |   0.0 |       9 |       0 |   0.0
        D:6 |      16 |       0 |   0.0 |       1 |       0 |   0.0
        D:8 |     443 |       0 |   0.0 |       8 |       0 |   0.0
        D:9 |     180 |       0 |   0.0 |       3 |       0 |   0.0
       D:10 |    2758 |     166 |   5.7 |      28 |      11 |  28.2
       D:11 |    3671 |       0 |   0.0 |      24 |       0 |   0.0
       D:12 |    2044 |    1227 |  37.5 |      11 |       2 |  15.4
       D:13 |     273 |       0 |   0.0 |       2 |       0 |   0.0
       D:14 |    2657 |    1030 |  27.9 |       6 |       8 |  57.1
      IceCv |       0 |   10291 | 100.0 |       0 |      36 | 100.0
            +---------+---------+-------+---------+---------+-------
